Cogmind - Beta 16 --- EXPLORER MODE // 2025.11.13 @ 10:39:12 Player: K.K.Y. Result: Destroyed by H8-9EI(R) with Subdweller Beam Cannon Performance ------------- Evolutions (0) 0 Regions Visited (2) 400 Robots Destroyed (18) 90 Value Destroyed (453) 453 Prototype IDs (0) 0 Alien Tech Used (0) 0 Bonus (0) 0 TOTAL SCORE: 943 Bonus ------- None Cogmind --------- Core Integrity 0/250 Matter 244/300 Energy 100/100 System Corruption 0% Temperature Cool (9) Movement Core (200) Ox3 Location -10/Subcaves Parts ------- > --- POWER (1) -------- (None) > --- PROPULSION (2) --- (None) > --- UTILITY (3) ------ Medium Storage Unit Targeting Computer Targeting Computer > --- WEAPON (2) ------- Assault Rifle > --- INVENTORY (10) --- Aluminum Leg Improved Heat Sink High-capacity Storage Unit Structural Scanner Visual Processing Unit Signal Interpreter Targeting Computer Light Armor Plating Assault Rifle Peak State ------------ > --- POWER ------------ Ion Engine > --- PROPULSION ------- Aluminum Leg Aluminum Leg > --- UTILITY ---------- Medium Storage Unit Targeting Computer Targeting Computer > --- WEAPON ----------- Assault Rifle Assault Rifle > --- INVENTORY -------- Light Nuclear Core Aluminum Leg Improved Heat Sink High-capacity Storage Unit Light Armor Plating Assault Rifle [Rating: 9] Favorites ----------- Power Ion Engine Engine Ion Engine Propulsion Aluminum Leg Leg Aluminum Leg Utility Targeting Computer Storage Medium Storage Unit Processor Targeting Computer Weapon Assault Rifle Ballistic Gun Assault Rifle Special Weapon Mining Laser Build | -11 -10 -10 ------- Run | Yrd Mat Sub Slots Evolved 1 | . 1 . Power . | . . . Propulsion . | . . . Utility 1 | . 1 . Weapon . | . . . Parts Attached 11 | 6 3 2 Power 2 | 1 1 . Engine 2 | 1 1 . Core . | . . . Reactor . | . . . Propulsion 2 | 2 . . Treads . | . . . Leg 2 | 2 . . Wheel . | . . . Hover . | . . . Flight . | . . . Utility 3 | 1 2 . Device . | . . . Storage 1 | 1 . . Processor 2 | . 2 . Hackware . | . . . Protection . | . . . Artifact . | . . . Weapon 4 | 2 . 2 Energy Gun . | . . . Energy Cannon . | . . . Ballistic Gun 3 | 2 . 1 Ballistic Cannon . | . . . Launcher . | . . . Special Weapon 1 | . . 1 Impact Weapon . | . . . Slashing Weapon . | . . . Piercing Weapon . | . . . Special Melee Weapon . | . . . Unidentified Prototypes . | . . . Parts Lost 5 | . . 5 Power 1 | . . 1 Propulsion 2 | . . 2 Utility . | . . . Weapon 2 | . . 2 Highest Loss Streak 5 | . . 5 To Critical Strikes . | . . . Average Backups 6 | 2 6 9 Power . | . . . Propulsion . | . . 1 Utility 4 | 1 4 7 Weapon 1 | . 1 1 Tool/Special . | . . . Unused Backups 9 | . 1 8 Power 1 | . 1 . Propulsion 1 | . . 1 Utility 7 | . . 7 Weapon . | . . . Tool/Special . | . . . Average Slot Usage (%) 96 | . 99 83 Engine 11 | . 12 7 Leg 23 | . 25 16 Storage 12 | . 12 12 Processor 24 | . 24 25 Ballistic Gun 23 | . 25 16 Peak Build Rating 9 | 6 9 9 Average Rating 8 | 4 8 7 On Entrance 5 | . 6 9 Avg Prop Armor Cover (%) . | . . . Naked Turns . | . . . Heaviest Build 19 | 19 19 19 Greatest Support 20 | 20 20 20 Greatest Overweight (x) 3 | . . 3 Average Overweight (x) . | . . 1 Largest Inventory Capacity 10 | 10 10 10 Average Capacity 9 | 9 10 10 Most Carried 10 | 5 10 10 Average Carried 6 | 2 6 9 Final Capacity 10 | 10 10 10 Final Carried 10 | 3 10 9 Class Distribution -------------------- 100% | Hacker-Mutant Dominant Class ---------------- Hacker-Mutant | -10/Materials Hacker-Mutant | -10/Subcaves Resources | -11 -10 -10 ----------- Run | Yrd Mat Sub Matter Collected 655 | 181 434 40 Remotely . | . . . Salvage Created 587 | . 547 40 Parts 26 | . 26 . Haulers Intercepted 2 | . 2 . Recyclers Shooed . | . . . Parts Field Recycled . | . . . Retrieved Matter . | . . . Parts Self-Destructed . | . . . Prevented . | . . . Parts Restored . | . . . Kills | -11 -10 -10 ------- Run | Yrd Mat Sub Combat Hostiles Destroyed 12 | . 10 2 Guns 11 | . 10 1 Cannons 1 | . . 1 Classes Destroyed 7 | . 6 1 Worker 1 | . 1 . Builder 1 | . 1 . Hauler 2 | . 2 . Watcher 2 | . 2 . Swarmer 2 | . 2 . Grunt 8 | . 8 . Subdweller 2 | . . 2 Best Kill Streak 5 | . 5 1 Combat Bots Only 3 | . 3 1 Max Kills in Single Turn 2 | . 2 1 Gunslinging . | . . . Exploded . | . . . Melee . | . . . Uniques/NPCs Destroyed . | . . . Combat | -11 -10 -10 -------- Run | Yrd Mat Sub Hostile Shots Fired 99 | . 60 39 Missed 30 | . 24 6 Hits 69 | . 36 33 Projectile 69 | . 36 33 Damage Taken 804 | . 285 519 Core 257 | . 51 206 Absorbed by Shields . | . . . Ignored by Resistances 490 | . 182 308 Core Remaining (%) 100 | 100 . . Volleys Fired 81 | . 56 25 Largest 2 | . 2 2 Hottest 120 | . 40 120 Shots Fired 151 | . 112 39 Gun 142 | . 112 30 Cannon . | . . . Launcher . | . . . Special 9 | . . 9 Kinetic 142 | . 112 30 Thermal 9 | . . 9 Explosive . | . . . Electromagnetic . | . . . Robot Hit Streak 26 | . 26 14 Robot Miss Streak 1 | . 1 1 Penetration Max . | . . . Secondary Targets 2 | . 2 . Max Gunslinging Chain 1 | . 1 . Shots Hit Robots 120 | . 93 27 Core Hits 33 | . 28 5 Critical Kills . | . . . Critical Parts Destroyed . | . . . Critical Strikes . | . . . Melee Attacks . | . . . Impact . | . . . Slashing . | . . . Piercing . | . . . Sneak Attacks . | . . . Combat Hostiles . | . . . Follow-up Attacks . | . . . Damage Inflicted 1422 | . 1163 259 Guns 1338 | . 1151 187 Cannons . | . . . Explosions . | . . . Melee . | . . . Ramming 12 | . 12 . Kinetic 1338 | . 1151 187 Thermal 72 | . . 72 Explosive . | . . . Electromagnetic . | . . . Impact . | . . . Slashing . | . . . Piercing . | . . . Highest Corruption . | . . . Average Corruption . | . . . Corruption Purged . | . . . Corruption Blocked . | . . . Overload Shots . | . . . Overflow Damage . | . . . Projectiles . | . . . Explosions . | . . . Melee . | . . . Knockbacks . | . . . Impact . | . . . Kinetic . | . . . Secondary . | . . . Self-Inflicted Damage . | . . . Shots . | . . . Rammed . | . . . Targets Rammed 1 | . 1 . Kicked 1 | . 1 . Crushed . | . . . Highest Temperature 3 | . 3 . Average Temperature 2 | . 2 . Received Heat Transfer 516 | . 252 264 Siege Activations . | . . . Martial Activations . | . . . Shielding Activations . | . . . Robots Disrupted . | . . . Combat Hostiles . | . . . Robots Corrupted . | . . . Combat Hostiles . | . . . Parts Fried . | . . . Impact Corruptions . | . . . Robots Melted . | . . . Combat Hostiles . | . . . Parts Melted . | . . . Heat Transferred 150 | . . 150 Parts Sabotaged . | . . . Parts Stolen . | . . . Parts Stripped . | . . . Power Chain Reactions . | . . . Alert | -11 -10 -10 ------- Run | Yrd Mat Sub Maximum Alert Level . | . . . Low Security (%) 100 | 100 100 . Level 1 . | . . . Level 2 . | . . . Level 3 . | . . . Level 4 . | . . . Level 5 . | . . . High Security . | . . . Max Security . | . . . Peak Influence 80 | . 80 . Initial . | . . . Average 9 | . 10 . Influence Increases 309 | . 309 . Destroy 0b10 Robot/C 200 | . 200 . Destroy 0b10 Robot/NC 30 | . 30 . Destroy Leader 48 | . 48 . Destroy Structure 1 | . 1 . Lose Combat Pursuer 30 | . 30 . Influence Decreases 309 | . 309 . Time Decay 309 | . 309 . Squads Dispatched . | . . . Investigation . | . . . Extermination . | . . . Reinforcement . | . . . Assault . | . . . Garrison . | . . . Intercept . | . . . Searches Triggered . | . . . Construction Impeded . | . . . Haulers Reinforced . | . . . Active Scanning Responses . | . . . Cargo Convoy Interrupts . | . . . Stealth | -11 -10 -10 --------- Run | Yrd Mat Sub Distress Signals 1 | . 1 . Communications Jammed . | . . . Distress Signals . | . . . Times Spotted 20 | . 17 3 Peak Tracking Total 4 | . 4 1 Tactical Retreats 2 | . 2 . Traps | -11 -10 -10 ------- Run | Yrd Mat Sub Traps Triggered . | . . . Indirectly . | . . . Trap Hack Attempts . | . . . Triggered . | . . . Disarmed . | . . . Reprogrammed . | . . . Reused . | . . . Traps Extracted . | . . . Installed . | . . . Triggered . | . . . Machines | -11 -10 -10 ---------- Run | Yrd Mat Sub Machines Disabled . | . . . Max in Single Turn . | . . . Machines Repaired . | . . . Machines Dismantled . | . . . Machines Sabotaged . | . . . Overloaded Fab Kills . | . . . Hacking | -11 -10 -10 --------- Run | Yrd Mat Sub Machines Accessed . | . . . Terminals . | . . . Fabricators . | . . . Repair Stations . | . . . Recycling Units . | . . . Scanalyzers . | . . . Garrison Access . | . . . Total Hacks . | . . . Successful . | . . . Failed . | . . . Catastrophic . | . . . Database Lockouts . | . . . Manual . | . . . Terminals . | . . . Fabricators . | . . . Repair Stations . | . . . Recycling Units . | . . . Scanalyzers . | . . . Garrison Access . | . . . Terminal Hacks . | . . . Fabricator Hacks . | . . . Repair Station Hacks . | . . . Recycling Unit Hacks . | . . . Scanalyzer . | . . . Garrison Access Hacks . | . . . Unauthorized Hacks . | . . . Terminals . | . . . Fabricators . | . . . Repair Stations . | . . . Recycling Units . | . . . Scanalyzers . | . . . Garrison Access . | . . . Data Cores Recovered . | . . . Used . | . . . Hacking Detections . | . . . Full Trace Events . | . . . Feedback Events . | . . . Feedback Blocked . | . . . Robot Schematics Acquired . | . . . Robots Built . | . . . Authchips . | . . . Time . | . . . Total Robot Build Rating . | . . . Part Schematics Acquired . | . . . Parts Built . | . . . Authchips . | . . . Time . | . . . Total Part Build Rating . | . . . Part Studies Acquired . | . . . Parts Repaired . | . . . Time . | . . . Parts Recycled . | . . . Recycled Matter . | . . . Retrieved Matter . | . . . Retrieved Components . | . . . Parts Scanalyzed . | . . . Part Schematics Acquired . | . . . Parts Damaged . | . . . Bothacking | -11 -10 -10 ------------ Run | Yrd Mat Sub Used RIF Installer . | . . . Robots Hacked . | . . . Non-combat . | . . . Combat . | . . . Robot Hacks Applied . | . . . Relay Couplers Released . | . . . Fabnet Peak Effective % . | . . . Robots Rewired . | . . . Allies Hacked . | . . . Hacks Repelled . | . . . Allies | -11 -10 -10 -------- Run | Yrd Mat Sub Total Allies . | . . . Largest Group . | . . . Highest-Rated Group . | . . . Highest-Rated Ally . | . . . Total Orders . | . . . Ally Attacks . | . . . Total Damage . | . . . Kills . | . . . Allies Corrupted . | . . . Allies Melted . | . . . Intel | -11 -10 -10 ------- Run | Yrd Mat Sub Active Infowar (turns) . | . . . Robot Analysis Total . | . . . Derelict Logs Recovered . | . . . Drone Launches . | . . . Drone Recoveries . | . . . Exploration | -11 -10 -10 ------------- Run | Yrd Mat Sub Turns Passed 1730 | 71 1332 327 Spaces Moved 747 | 54 565 128 Core 61 | 11 . 50 Treads . | . . . Legs 686 | 43 565 78 Wheels . | . . . Hover . | . . . Flight . | . . . Fastest Speed 50 | 50 120 120 Average Speed 124 | 105 120 151 Slowest Speed 200 | 120 120 200 Overloaded Moves . | . . . Propulsion Burnouts . | . . . Robots Hopped . | . . . Potential Cave-ins . | . . . Cave-ins Triggered . | . . . Exploration Rate (%) 31 | 4 82 9 Regions Visited 2 Branch Regions 1 Pre-discovered Areas . | . . . Known Exits Taken 2 | 1 1 . Unknown Exits Taken . | . . . Scrap Searched . | . . . Spaces Dug . | . . . Terrain Destroyed . | . . . Melee . | . . . Projectile . | . . . AOE . | . . . Terrain Rammed . | . . . Walls Destroyed . | . . . Machines Disabled . | . . . Actions | -11 -10 -10 --------- Run | Yrd Mat Sub Total 1378 | 67 1107 204 Wait 519 | . 470 49 Move 745 | 53 564 128 Hop . | . . . Pick Up 19 | 8 11 . Fast Attach 1 | 1 . . Attach 8 | 5 2 1 Detach . | . . . Swap 2 | . 1 1 Drop 2 | . 2 . Fire 81 | . 56 25 Melee . | . . . Ram . | . . . Kick 1 | . 1 . Crush . | . . . Escape Stasis . | . . . Rewire . | . . . Trap . | . . . Miscellaneous . | . . . Route ------- -11/Scrapyard -10/Materials (discovered 5 exits: *Mat x2 / *Min x2 / *Sub) -10/Subcaves (discovered 1 exit: [*Scr]) History --------- Turn | Location | Event 6 | -11/Scrapyard | Identified exit to Materials 6 | -11/Scrapyard | Discovered exit to Materials (range 16) 72 | -11/Scrapyard | Entered Materials 72 | -10/Materials | Evolved 1 slot: Utility x1 303 | -10/Materials | Build established: Hacker-Mutant 517 | -10/Materials | Identified exit to Mines 517 | -10/Materials | Discovered exit to Mines (range 7) 645 | -10/Materials | Discovered exit to Mines (range 5) 890 | -10/Materials | Identified exit to Materials 890 | -10/Materials | Discovered exit to Materials (range 16) 1051 | -10/Materials | Discovered exit to Materials (range 15) 1380 | -10/Materials | Identified exit to Subcaves 1380 | -10/Materials | Discovered exit to Subcaves (range 8) 1404 | -10/Materials | Entered Subcaves 1405 | -10/Subcaves | Approached by a straggling Scientist 1619 | -10/Subcaves | Core integrity fell below 50% 1655 | -10/Subcaves | Lost 5 parts (1p2n2w) 1719 | -10/Subcaves | Core integrity fell below 20% 1731 | -10/Subcaves | Destroyed by H8-9EI(R) with Subdweller Beam Cannon Last Messages --------------- C4-O7B(c): "I think it's somewhere southeast of here" 01494_ YN-FKV(u) builds Twisted Machinery. C4-O7B(c): "We're getting close, I can feel it." 01506_ YN-FKV(u) builds Twisted Machinery. 01534_ MJ-K1D(R) destroyed. 01539_ Acquired 18 matter. C4-O7B(c): "We're getting close, I can feel it." 01596_ Assault Rifle destroyed. C4-O7B(c): "I think it's somewhere southeast of here" 01610_ Ion Engine destroyed. 01612_ Mining Laser destroyed. 01620_ Aluminum Leg destroyed. 01630_ Y1-VE4(R) destroyed. 01632_ Acquired 22 matter. C4-O7B(c): "I think it's somewhere east of here" 01668_ YN-FKV(u) builds Twisted Machinery. C4-O7B(c): "We're getting close, I can feel it." 01728_ C4-O7B(c) exits level. Map ----- +----------------------------------------------------+ | ?## "##??????????????????????????????????????????? | | ## ""##?###?????????????????????????????????????? | | """###"##????????????????????????????????????? | | ##???????????????????????????????????? | | """"" #####???????????????????????????????? | | "###" "" ##??????????????????????????????? | | "#?##"" "" #??????????????????????????????? | | #??## " #??????????????????????????????? | | " &##???#### ##?????????????????????????????? | | " " #???????# " #?????????????????????????????? | | ""&"#???????# ""##?????????????????????????????? | | ## ##????###" " #??????????????????????????????? | | ## ###### #" "##??????????????????????????????? | | & " "#?????????????#?????????????????? | | & ""#???????????? ??????????????????? | | ## ## # ""#??????????? ???????????????????? | | ########## ## #?????????? #???????????????????? | | ???####### ## ##???####### #???????????????????? | | ??## ######### #???????????????????? | | ??# ## # > ##??????????????????? | | ??# ### ## ## #####??????????????? | | ??# ## #### # ???????????????? | | ??# # ##??# # #??? ### ?????????? | | ?# ###??## # ????????? | | ?## ## #??##; ????????? | | ??##?#### ### ##??# @ ####???????????? | | ????????#######?###???## R ####??????????????? | | ???????????????????????## #?????????????????? | | ????????????????????????#< # #????????????????? | | ???????????????????????? # ##????????????????? | | ????????????????????????#< ###?????????????????? | | ???????????????????????? ?#???????????????????? | | ???????????????????????? ##????????????????????? | | ????????????????????????" ##?????????????????????? | | ???????????????????????? #???????????????????????? | | ?????????????????????????????????????????????????? | | ?????????????????????????????????????????????????? | | ?????????????????????????????????????????????????? | | ?????????????????????????????????????????????????? | | ?????????????????????????????????????????????????? | | ?????????????????????????????????????????????????? | | ?????????????????????????????????????????????????? | | ?????????????????????????????????????????????????? | | ?????????????????????????????????????????????????? | | ?????????????????????????????????????????????????? | | ?????????????????????????????????????????????????? | | ?????????????????????????????????????????????????? | | ?????????????????????????????????????????????????? | | ?????????????????????????????????????????????????? | | ?????????????????????????????????????????????????? | +----------------------------------------------------+ Best States ------------- Heat Dissipation 25 Energy Generation 10 Energy Capacity 250 Matter Stores 300 Matter Capacity 300 Sight Range 16 Terrain Scan Density 10 Resistance: KI 35 Resistance: TH 35 Resistance: EX 35 Resistance: EM 35 Resistance: I 35 Resistance: S 35 Resistance: P 35 Evasion (%) 55 Targeting Accuracy 10 Offensive Hacking 20 Item Schematics ----------------- None Robot Schematics ------------------ None Fabricated ------------ Nothing Repaired ---------- Nothing Studied --------- None Alien Tech Used ----------------- None Achievements -------------- None Challenges ------------ None Game ------ Seed CompanionNovaPenetrator Manual? 0 Play Time 00:08:49 Cumulative 84.0 hours Start 2025.11.13 @ 10:28:21 End 2025.11.13 @ 10:39:12 Sessions 1 Manual Loads 0 Difficulty Explorer Special Mode None Game No. 82 Rogue 0 Adventurer 0 Explorer 82 Win Type - Total 0 Types 0/0/0/0/0/0/0/0/0/0 Lore% 54 Gallery% 55 Achievement% 43 Wizard Run 0 Options --------- Layout 1 ASCII 0 Keyboard 0 Movement Mouse Keybinds 0 Fullscreen 1 Font 24/Smallcaps Map View 50x35 Zoom Use 0% Tactical HUD 1 Map Filters NONE Filters NONE Steam 1 RUN: 7ebe0c9d-f035-4492-b08f-faef5c256970